AoeStats
← WardedWorm3

Arabian Desert

510407358Analyzed
1v1 RM · 1d ago on Sep 30, 2026· 42m 40s· 2 players
Game mode
Random Map
Map size
Tiny (2 player)
Population
200
Speed
Normal
Resources
Standard
Victory
Conquest
Starting age
Dark Age
Ending age
Imperial Age
RankedLock teamsTeams togetherTeam positionsShared explorationLock speedFull tech treeHidden civsTurbo modeCheats
Victory
Defeat
🇦🇷 Saxons · Argentina
1094
+15
🇨🇴 Spanish · Colombia
1069
-15
WardedWorm3
6:54 Loom
9:59 Feudal Age
10:40 Double-Bit Axe
12:12 Horse Collar
14:34 Fletching
22:04 Castle Age
21:02 Bloodlines
22:47 Scale Barding Armor
28:55 Wheelbarrow
28:32 Town Watch
29:18 Husbandry
32:44 Bow Saw
34:16 Padded Archer Armor
34:40 Sanctity
38:23 Imperial Age
37:20 Scale Mail Armor
37:30 Forging
36:54 Man-at-Arms
37:20 Gambesons
37:35 Squires
37:21 Arson
38:56 Chain Mail Armor
38:51 Long Swordsman
41:09 Plate Mail Armor
40:02 Two-Handed Swordsman
41:36 Conscription
ZeroTonino
7:21 Loom
9:25 Feudal Age
10:37 Double-Bit Axe
13:39 Fletching
23:08 Castle Age
21:37 Padded Archer Armor
22:00 Horse Collar
22:14 Gold Mining
23:16 Crossbowman
23:59 Bodkin Arrow
25:17 Bow Saw
24:50 Pikeman
27:39 Squires
28:19 Elite Skirmisher
29:44 Leather Archer Armor
32:26 Wheelbarrow
31:36 Town Watch
32:12 Heavy Plow
32:05 Stone Mining
33:58 Squires
35:41 Ballistics
36:39 Town Patrol
40:29 Imperial Age
41:20 Bracer
40:42 Arbalester
41:56 Conscription
43:08 Two-Man Saw
Connection lost

Rejoining the realm…

Still unreachable

The connection could not be restored.

Session expired

The server has moved on; the page needs a fresh start.